 Dungeon Crawl Stone Soup version 0.18.1-48-g4cf74bf (console) character file.

8753 Kloppie the Spear-Bearer (level 11, -1/156 HPs)
             Began as a Minotaur Abyssal Knight on July 5, 2016.
             Was a High Priest of Lugonu.
             Slain by a spectral orc knight
             ... wielding a +2 great sword of electrocution
             ... summoned by Nergalle
              (18 damage)
             ... on level 2 of the Lair of Beasts.
             The game lasted 00:17:37 (10024 turns).

Kloppie the Spear-Bearer (Minotaur Abyssal Knight) Turns: 10024, Time: 00:17:37

Health: -1/156     AC: 25    Str: 17    XL:     11   Next: 14%
Magic:  3/3        EV:  2    Int:  9    God:    Lugonu [*****.]
Gold:   588        SH:  0    Dex: 13    Spells: 0 memorised, 10 levels left

rFire  . . .     SeeInvis .     g - +0 spear (antimagic)
rCold  . . .     Gourm    .     (armour currently unavailable)
rNeg   + + +     Faith    .     (no shield)
rPois  +         Spirit   .     (helmet currently unavailable)
rElec  .         Dismiss  .     (cloak currently unavailable)
rCorr  .         Reflect  .     (gloves currently unavailable)
SustAt .         Harm     .     (boots currently unavailable)
MR     .....     NoTele   +     (no amulet)
Stlth  +.........               p - +3 ring of evasion
                                A - ring of poison resistance

@: tree-form (expiring), not resistant to hostile enchantments, very unstealthy
A: (retaliatory headbutt), (horns 0)
a: Depart the Abyss, Bend Space, Banish, Corrupt, Enter the Abyss, Renounce
Religion


You were on level 2 of the Lair of Beasts.
You worshipped Lugonu.
Lugonu was extremely pleased with you.
You were not hungry.
You were a tree.
You visited 2 branches of the dungeon, and saw 10 of its levels.
You visited the Abyss 1 time.

You collected 588 gold pieces.

Inventory:

Hand Weapons
 a - a +1 trident
 g - a +0 antimagic spear (weapon)
Missiles
 f - 2 throwing nets (quivered)
Armour
 o - a +1 cloak (melded)
 s - a +0 chain mail (melded)
 z - a +0 pair of boots (melded)
Jewellery
 p - a +3 ring of evasion (right branch)
 v - an uncursed ring of protection from fire
 A - a ring of poison resistance (left branch)
Wands
 i - a wand of acid (1/15)
Scrolls
 b - 5 scrolls of remove curse
 d - a scroll of recharging
 e - a scroll of fear
 h - 3 scrolls of enchant armour
 x - 2 scrolls of fog
 y - a scroll of blinking
 B - a scroll of teleportation
 C - 2 scrolls of enchant weapon
Potions
 j - a potion of lignification
 k - 4 potions of resistance
 l - 4 potions of curing
 m - 3 potions of haste
 n - a potion of flight {unknown}
 q - a potion of ambrosia {unknown}
 r - a potion of cure mutation {unknown}
 u - 2 potions of might {unknown}
 w - a potion of mutation {unknown}
 D - a potion of invisibility {unknown}
Comestibles
 c - 8 bread rations
 t - 9 slices of pizza
 F - 2 beef jerkies


   Skills:
 + Level 11.8 Fighting
 + Level 14.2 Polearms
 + Level 9.4 Armour
 - Level 1.1 Dodging
 - Level 1.7 Invocations


You had 10 spell levels left.
You didn't know any spells.

Dungeon Overview and Level Annotations

Branches:
Dungeon (8/15)             Temple (0/1) D:7            Lair (2/8) D:8

Altars:
Ashenzari
Cheibriados
Kikubaaqudgha
Nemelex Xobeh
Okawaru
Qazlal
Sif Muna
Yredelemnul
The Shining One

Shops:
D:5 }

Annotations:
Lair:2 Nergalle


Innate Abilities, Weirdness & Mutations

((You reflexively headbutt those who attack you in melee.))
((You have a pair of horns on your head.))


Message History

You hit the spectral orc knight.
The spectral orc knight is heavily damaged.
You barely miss the spectral orc knight.
The spectral orc knight is heavily damaged.
The spectral orc knight hits you but does no damage.
You hit the spectral orc knight but do no damage.
The spectral orc knight is heavily damaged.
Your transformation is almost over.
The spectral orc knight hits you but does no damage.
You hit the spectral orc knight but do no damage.
The spectral orc knight is heavily damaged.
The spectral orc knight hits you but does no damage.
You hit the spectral orc knight but do no damage.
The spectral orc knight is heavily damaged.
You hit the spectral orc knight but do no damage.
The spectral orc knight is heavily damaged.
The spectral orc knight hits you with a great sword of electrocution.
* * * LOW HITPOINT WARNING * * *
You are electrocuted!
You die...

#........^....
#...........
#........##
#.........#
#........##
####.........##
##P#...........###
#.....o.Z#Z.)....##
##......#♣#.......#
##......#####......##
#.....### #.......###
#.....## ###÷......##
#.....# #.÷.......# P
....o# ####......###.
....# ##.....[#..
...# ##........ ..#
##.......


You could see Nergalle and 2 spectral orc knights.

Vanquished Creatures
  Harold (Lair:2)
  Erica (D:8)
  A komodo dragon (Lair:2)
  Sigmund (D:5)
  14 yaks
  A wyvern (D:8)
  A human (D:8)
  3 water moccasins (Lair:1)
  2 porcupines (Lair:2)
  2 ice beasts
  2 sky beasts (D:8)
  2 black bears
  A phantom (D:7)
  An orc warrior (D:8)
  6 ogres
  4 centaurs
  3 crocodiles
  9 giant frogs
  A big kobold (D:8)
  2 scorpions
  A wight (D:8)
  2 vampire bats (D:8)
  4 howler monkeys (D:7)
  A crimson imp (D:8)
  4 centaur zombies
  A jelly (D:8)
  A quasit (D:8)
  5 hounds
  3 orc priests
  Crazy Yiuf (D:5)
  4 orc wizards
  3 iguanas
  5 worker ants
  4 sheep (D:8)
  2 hound zombies
  A howler monkey zombie (D:4)
  2 worker ant zombies
  8 gnolls
  16 adders
  14 river rats
  2 shadow imps
  3 oozes
  3 adder zombies (D:4)
  2 adder skeletons (D:4)
  3 worms (D:2)
  4 dart slugs
  2 giant geckos
  20 orcs
  6 bat zombies (D:8)
  5 giant cockroaches
  5 goblins
  5 hobgoblins
  8 jackals
  11 kobolds
  3 quokkas
  4 ball pythons
  11 bats
  A giant gecko skeleton (D:4)
  2 giant gecko zombies (D:4)
  2 giant newts
  A goblin skeleton (D:5)
  4 hobgoblin zombies (D:5)
  2 jackal zombies
  3 kobold zombies (D:5)
  3 orc skeletons (D:5)
  A quokka zombie (D:4)
  4 rats
260 creatures vanquished.

Vanquished Creatures (others)
  3 fungi
3 creatures vanquished.

Grand Total: 263 creatures vanquished

Notes
Turn   | Place    | Note
--------------------------------------------------------------
     0 | Abyss:1  | Kloppie the Minotaur Abyssal Knight began the quest for the Orb.
     0 | Abyss:1  | Reached XP level 1. HP: 19/19 MP: 1/1
     0 | D:1      | Escaped the Abyss
    82 | D:1      | Reached XP level 2. HP: 27/27 MP: 2/2
   100 | D:1      | Reached * piety under Lugonu
   755 | D:2      | Reached XP level 3. HP: 33/33 MP: 3/3
  1025 | D:2      | Reached skill level 3 in Polearms
  1400 | D:2      | Reached XP level 4. HP: 41/41 MP: 4/4
  1839 | D:3      | Found a faded altar to an unknown god.
  1963 | D:3      | Found a snail-covered altar of Cheibriados.
  1967 | D:3      | Noticed an ice beast
  2001 | D:3      | Killed an ice beast
  2001 | D:3      | Reached skill level 5 in Fighting
  2001 | D:3      | Reached skill level 5 in Polearms
  2001 | D:3      | Reached XP level 5. HP: 30/48 MP: 5/5
  2033 | D:3      | Reached ** piety under Lugonu
  2350 | D:3      | Found a deep blue altar of Sif Muna.
  2439 | D:3      | Found a glowing drain.
  3024 | D:4      | Reached XP level 6. HP: 51/56 MP: 6/6
  3140 | D:4      | Reached skill level 6 in Polearms
  3481 | D:4      | Found a basalt altar of Yredelemnul.
  3485 | D:4      | Found an iron altar of Okawaru.
  3490 | D:4      | Found a shattered altar of Ashenzari.
  3591 | D:4      | Reached skill level 7 in Polearms
  3642 | D:4      | Reached *** piety under Lugonu
  3717 | D:4      | Reached XP level 7. HP: 34/63 MP: 7/7
  4138 | D:5      | Entered Level 5 of the Dungeon
  4161 | D:5      | Found Segyinuc's Gadget Shoppe.
  4183 | D:5      | Found a stormy altar of Qazlal.
  4196 | D:5      | Reached skill level 8 in Polearms
  4273 | D:5      | Found a glowing golden altar of the Shining One.
  4277 | D:5      | Noticed Sigmund
  4317 | D:5      | Killed Sigmund
  4373 | D:5      | Reached skill level 9 in Polearms
  4394 | D:5      | Reached XP level 8. HP: 66/73 MP: 8/8
  4567 | D:5      | Reached **** piety under Lugonu
  4796 | D:5      | Noticed Crazy Yiuf
  4803 | D:5      | Killed Crazy Yiuf
  4803 | D:5      | Reached skill level 10 in Polearms
  4986 | D:6      | Found an ancient bone altar of Kikubaaqudgha.
  5423 | D:6      | Reached skill level 11 in Polearms
  5758 | D:7      | Reached XP level 9. HP: 79/82 MP: 9/9
  5999 | D:7      | Reached skill level 12 in Polearms
  6015 | D:7      | Found a sparkling altar of Nemelex Xobeh.
  6433 | D:7      | Found a staircase to the Ecumenical Temple.
  6661 | D:8      | Found a staircase to the Lair.
  6682 | D:8      | Reached ***** piety under Lugonu
  6694 | D:8      | Reached skill level 5 in Armour
  6832 | D:8      | Reached skill level 10 in Fighting
  7087 | D:8      | Noticed Erica
  7108 | D:8      | Killed Erica
  7108 | D:8      | Reached skill level 13 in Polearms
  7108 | D:8      | Reached XP level 10. HP: 63/94 MP: 10/10
  7458 | D:8      | Found an ancient bone altar of Kikubaaqudgha.
  7791 | Lair:1   | Entered Level 1 of the Lair of Beasts
  8717 | Lair:2   | Noticed Harold
  8740 | Lair:1   | Reached skill level 14 in Polearms
  9217 | Lair:2   | Killed Harold
  9217 | Lair:2   | Reached XP level 11. HP: 59/104 MP: 11/11
  9981 | Lair:2   | Noticed Nergalle
 10024 | Lair:2   | Slain by a spectral orc knight

Skill      XL: |  1  2  3  4  5  6  7  8  9 10 |
---------------+-------------------------------+-----
Fighting       | 4 5 6 7 8 10 11 | 11.8
Armour         | 3 6 9 |  9.4
Polearms       | 3 5 7 9 11 13 14 | 14.2
Dodging        | |  1.1
Invocations    | |  1.7

Action                   |  1- 3 |  4- 6 |  7- 9 | 10-12 || total
-------------------------+-------+-------+-------+-------++-------
Melee: Spear             |   112 |   126 |       |    36 ||   274
       Headbutt          |    12 |    32 |    73 |    68 ||   185
       Trident           |       |   115 |   464 |   324 ||   903
Throw: Throwing net      |       |       |     3 |     2 ||     5
Invok: Depart the Abyss  |     1 |       |       |       ||     1
Evoke: Wand              |       |       |     1 |       ||     1
  Use: Scroll            |     6 |     2 |     8 |     2 ||    18
       Potion            |       |     3 |       |     1 ||     4
 Stab: Held in net/web   |       |       |     4 |     2 ||     6
  Eat: Chunk             |     1 |     8 |    12 |     7 ||    28
       Meat ration       |       |       |       |     1 ||     1
Armor: Leather armour    |     7 |       |       |       ||     7
       Ring mail         |    17 |    50 |       |       ||    67
       Chain mail        |       |    14 |   175 |    76 ||   265
       Skin              |       |       |       |    11 ||    11
Dodge: Dodged            |    45 |   129 |   146 |    93 ||   413
